 Dungeon Crawl Stone Soup version 0.21.1-1-g345015f (webtiles) character file.

705 troglodite the Skirmisher (level 7, -1/55 HPs)
             Began as a Demonspawn Berserker on Feb 28, 2018.
             Was a Priest of Trog.
             Killed from afar by an orc wizard (8 damage)
             ... with a magic dart
             ... on level 5 of the Dungeon.
             The game lasted 00:07:57 (3755 turns).

troglodite the Skirmisher (Demonspawn Berserker)    Turns: 3755, Time: 00:07:58

Health: -1/55      AC:  8    Str: 18    XL:     7   Next: 39%
Magic:  7/7        EV: 12    Int:  8    God:    Trog [***...]
Gold:   238        SH:  0    Dex: 19    Spells: 6/6 levels left

rFire    . . .     SeeInvis +   y - +3 scythe of Kuskuano {pain, Dex+5 SInv}
rCold    . . .     Gourm    .   (shield currently unavailable)
rNeg     . . .     Faith    .   r - +0 scale mail
rPois    .         Spirit   .   (helmet restricted)
rElec    .         Reflect  .   j - +0 cloak
rCorr    +         Harm     .   (no gloves)
MR       .....                  (no boots)
Stlth    +.........             (no amulet)
HPRegen  0.18/turn              e - ring of resist corrosion
MPRegen  0.10/turn              (no ring)

@: no status effects
A: claws 2, horns 1, talons 1, demonic guardian 1
a: Berserk, Trog's Hand, Burn Spellbooks, Renounce Religion


You were on level 5 of the Dungeon.
You worshipped Trog.
Trog was most pleased with you.
You were not hungry.

You visited 1 branch of the dungeon, and saw 5 of its levels.

You collected 238 gold pieces.

Inventory:

Hand Weapons
 a - a +0 falchion
 y - the +3 scythe of Kuskuano (weapon) {pain, Dex+5 SInv}
   (You took it off an orc priest on level 4 of the Dungeon)

   In the hands of one skilled in necromantic magic, it inflicts extra damage on
   living creatures.
   It affects your dexterity (+5).
   It lets you see invisible.
Armour
 j - a +0 cloak (worn)
 l - a +0 buckler
 r - a +0 scale mail (worn)
Jewellery
 e - a ring of resist corrosion (left claw)
Wands
 q - a wand of disintegration (14)
Scrolls
 b - a scroll of enchant weapon {unknown}
 d - a scroll of fog {unknown}
 f - a scroll of amnesia {unknown}
 i - a scroll of magic mapping {unknown}
 k - a scroll of remove curse
 m - a scroll of teleportation {unknown}
 t - 2 scrolls of enchant armour {unknown}
 u - a scroll of random uselessness {unknown}
 w - a scroll of identify {unknown}
 x - a scroll of immolation {unknown}
 A - a scroll of vulnerability {unknown}
Potions
 g - a potion of magic {unknown}
 h - 3 potions of brilliance {unknown}
 n - a potion of agility {unknown}
 o - a potion of degeneration {unknown}
 s - 2 potions of ambrosia {unknown}
 v - a potion of curing {unknown}
 z - a potion of lignification {unknown}
Comestibles
 c - 5 rations


   Skills:
 * Level 4.9 Fighting
 + Level 4.1 Long Blades
 * Level 4.2 Armour
 * Level 3.6 Dodging
 + Level 0.8 Stealth
 * Level 1.8 Shields


You had 6 spell levels left.
You didn't know any spells.

Dungeon Overview and Level Annotations

Branches:
Dungeon (5/15)
 Temple: D:4-7

Altars:
Ashenzari
Elyvilon
Ru
Xom


Innate Abilities, Weirdness & Mutations

You have very sharp fingernails.
You have a pair of small horns on your head.
You have sharp toenails.
A weak demonic guardian rushes to your aid.


Message History

Your ufetubus closely misses the orc wizard.
Your ufetubus hits the orc wizard.
The orc wizard hits you but does no damage.
You barely miss the orc wizard. Your headbutt misses the orc wizard.
The orc wizard is lightly wounded.
Your ufetubus misses the orc wizard.
Your ufetubus barely misses the orc wizard.
Your ufetubus closely misses the orc wizard.
Your ufetubus misses the orc wizard. The orc wizard closely misses you.
Your ufetubus misses the orc wizard.
Your ufetubus barely misses the orc wizard.
Your ufetubus completely misses the orc wizard.
Your ufetubus barely misses the orc wizard.
The orc wizard barely misses you.
Your ufetubus closely misses the orc wizard.
Your ufetubus misses the orc wizard. Your ufetubus hits the orc wizard.
Your ufetubus completely misses the orc wizard.
The orc wizard gestures at you while chanting.
The magic dart hits you!
You die...

.......
..............
.......
................
.......
.................
.......
.................
.......
...##............
.......
#..#####.........
......)##..#
#..#......
......).#..#
##..#####.
......).@..##
##.....#..
....###.5o..#
##......).# ...
##5...###..........
.
##...#...####).[..
##.....## ###...
##..### #.## #....
#.# ...#..# ##.#
....##...## #..#


You could see an orc wizard and 2 friendly ufetubi.

Vanquished Creatures
  The ghost of Inarius the Magician, an amateur DsWz of Sif Muna (D:4)
  Edmund (D:4)
  3 orc priests
  2 orc wizards (D:5)
  3 worker ants (D:4)
  An iguana (D:2)
  4 gnolls (D:2)
  7 adders
  An ooze (D:2)
  5 worms
  5 dart slugs
  4 orcs
  12 bats
  7 giant cockroaches
  6 hobgoblins
  8 jackals
  10 kobolds
  A quokka (D:3)
  2 ball pythons (D:1)
  3 frilled lizards
  3 goblins
  A leopard gecko skeleton (D:4)
  A quokka skeleton (D:4)
  A rat (D:1)
  2 fungi
94 creatures vanquished.

Vanquished Creatures (collateral kills)
  Crazy Yiuf (D:2)
  A bullfrog skeleton (D:5)
  An orc (D:5)
3 creatures vanquished.

Grand Total: 97 creatures vanquished

Notes
Turn   | Place    | Note
-------+----------+-------------------------------------------
     0 | D:1      | troglodite the Demonspawn Berserker began the quest for the Orb.
     0 | D:1      | Reached XP level 1. HP: 18/18 MP: 1/1
    92 | D:1      | Gained mutation: You have sharp toenails. [demonic ancestry]
    92 | D:1      | Reached XP level 2. HP: 20/24 MP: 2/2
   391 | D:1      | Gained mutation: A weak demonic guardian rushes to your aid. [demonic ancestry]
   391 | D:1      | Reached XP level 3. HP: 27/29 MP: 3/3
   578 | D:2      | Reached ** piety under Trog
   581 | D:2      | Gained mutation: You have a pair of small horns on your head. [demonic ancestry]
   581 | D:2      | Reached XP level 4. HP: 19/37 MP: 4/4
  1272 | D:2      | Reached skill level 1 in Shields
  1272 | D:2      | Gained mutation: You have sharp fingernails. [demonic ancestry]
  1272 | D:2      | Reached XP level 5. HP: 42/42 MP: 5/5
  1565 | D:2      | Found a runed door.
  1569 | D:2      | Noticed Crazy Yiuf
  1574 | D:2      | Killed Crazy Yiuf
  1683 | D:3      | Found a shimmering altar of Xom.
  1683 | D:3      | Found a white marble altar of Elyvilon.
  2238 | D:3      | Found a sacrificial altar of Ru.
  2454 | D:4      | Noticed Edmund
  2466 | D:4      | Killed Edmund
  2466 | D:4      | Gained mutation: You have very sharp fingernails. [demonic ancestry]
  2466 | D:4      | Reached XP level 6. HP: 32/48 MP: 6/6
  2475 | D:4      | Noticed Inarius's ghost (amateur DsWz)
  2484 | D:4      | Killed Inarius's ghost
  2549 | D:4      | Reached *** piety under Trog
  2685 | D:4      | Reached XP level 7. HP: 16/55 MP: 7/7
  2698 | D:4      | Got a faintly glowing scythe {pain}
  3026 | D:4      | Identified the +3 scythe of Kuskuano {pain, Dex+5 SInv} (You took it off an orc priest on level 4 of the Dungeon)
  3466 | D:4      | Found a shattered altar of Ashenzari.
  3623 | D:5      | Entered Level 5 of the Dungeon
  3755 | D:5      | Killed from afar by an orc wizard

Skill      XL: |  1  2  3  4  5  6  7 |
---------------+----------------------+-----
Armour         | 2 3 4 |  4.2
Dodging        | 2 3 |  3.6
Long Blades    | 3 4 |  4.1
Shields        | 1 |  1.8
Fighting       | 4 |  4.9
Stealth        | |  0.8

Action                   |  1- 3 |  4- 6 |  7- 9 || total
-------------------------+-------+-------+-------++-------
Melee: Falchion          |    82 |   131 |     2 ||   215
       Kick              |    17 |    44 |     9 ||    70
       Headbutt          |       |    36 |     5 ||    41
       Scythe            |       |       |    24 ||    24
Invok: Berserk           |     1 |     3 |       ||     4
  Use: Scroll            |       |     2 |       ||     2
 Stab: Distracted        |       |     1 |       ||     1
  Eat: Chunk             |       |     9 |     4 ||    13
Armor: Ring mail         |    43 |    34 |       ||    77
       Scale mail        |       |     7 |    10 ||    17
Dodge: Dodged            |    66 |    59 |    31 ||   156
Block: Buckler           |     5 |    14 |     1 ||    20
       Rpst.: Falchion   |    18 |    24 |     3 ||    45
